 Seeded DCSS version 0.27.1-2-g3b301248ec (webtiles) character file.

Game seed: 14551798346683263451 (custom seed)

25 babuloseo the Vexing (level 3, 20/26 HPs)
             Began as a Human Arcane Marksman on Sept 30, 2021.
             Quit the game on level 2 of the Dungeon.
             The game lasted 00:02:03 (632 turns).

babuloseo the Vexing (Human Arcane Marksman)         Turns: 632, Time: 00:02:04

Health: 20/26      AC:  2    Str: 10    XL:     3   Next: 20%
Magic:  3/4        EV: 12    Int: 14    God:
Gold:   35         SH:  0    Dex: 13    Spells: 1/4 levels left

rFire    . . .     SeeInvis .   a - +0 shortbow
rCold    . . .     Faith    .   (shield currently unavailable)
rNeg     . . .     Spirit   .   d - +0 robe
rPois    .         Reflect  .   (no helmet)
rElec    .         Harm     .   (no cloak)
rCorr    .         Rampage  .   (no gloves)
Will     .....                  (no boots)
Stlth    +.........             (no amulet)
HPRegen  0.08/turn              (no ring)
MPRegen  0.09/turn              (no ring)

@: no status effects
A: no striking features
a: no special abilities


You were on level 2 of the Dungeon.
You visited 1 branch of the dungeon, and saw 2 of its levels.

You collected 35 gold pieces.

Inventory:

Hand Weapons
 a - a +0 shortbow (weapon)
 b - a +0 mace
Missiles
 c - 12 arrows (quivered ammo)
Armour
 d - a +0 robe (worn)
Scrolls
 e - a scroll of identify {unknown}
 g - a scroll of acquirement
Potions
 f - a potion of brilliance {unknown}


   Skills:
 + Level 1.3 Fighting
 + Level 2.6 Bows
 + Level 2.1 Dodging
 + Level 1.1 Spellcasting
 + Level 3.4 Hexes


You had one spell level left.
You knew the following spells:

 Your Spells              Type           Power      Damage    Failure   Level
a - Corona                Hex            11%        N/A       6%          1
b - Searing Ray           Conj           0%         3d3       36%         2

Your spell library contained the following spells:

 Spells                   Type           Power      Damage    Failure   Level
 Magic Dart               Conj           0%         1d3       26%         1
 Slow                     Hex            10%        N/A       10%         2
 Call Imp                 Summ           0%         N/A       36%         2
 Inner Flame              Hex/Fire       5%         N/A       36%         3
 Portal Projectile        Hex/Tloc       10%        N/A       36%         3
 Cause Fear               Hex            5%         N/A       54%         4
 Mephitic Cloud           Conj/Pois/Air  0%         N/A       61%         3
 Fulminant Prism          Conj/Hex       2%         3d6       78%         4


Dungeon Overview and Level Annotations

Branches:
Dungeon (2/15)

Altars:
Qazlal


Message History

You shoot an arrow. The arrow barely misses the hobgoblin.
The hobgoblin hits you. The hobgoblin closely misses you.
Fire: 13 arrows
Press: ? - help, Q - select action, (/) - cycle Shift-Dir - straight line, f/p - hobgoblin
Aim: a hobgoblin (57% to hit)
You shoot an arrow. The arrow hits the hobgoblin.
The hobgoblin is moderately wounded.
The hobgoblin hits you.
The hobgoblin hits you but does no damage.
Fire: 12 arrows
Press: ? - help, Q - select action, (/) - cycle Shift-Dir - straight line, f/p - hobgoblin
Aim: a hobgoblin (moderately wounded, 57% to hit)
You shoot an arrow.
The arrow hits the hobgoblin but does no damage.
The hobgoblin is moderately wounded.
The hobgoblin hits you. The hobgoblin closely misses you.
The hobgoblin barely misses you.
There is an open door here.
Fire: 11 arrows
Press: ? - help, Q - select action, (/) - cycle Shift-Dir - straight line, f/p - hobgoblin
Aim: a hobgoblin (lightly wounded, 57% to hit)
You shoot an arrow. The arrow hits the hobgoblin.
You kill the hobgoblin!
Fire: 10 arrows
Press: ? - help, Q - select action, (/) - cycle Shift-Dir - straight line, f - hobgoblin
Aim: a hobgoblin (57% to hit)
You shoot an arrow. The arrow hits the hobgoblin.
You kill the hobgoblin!
Unknown command.
c - 11 arrows (gained 2)
There is an open door here.
There is an open door here.
c - 12 arrows (gained 1)
There is an open door here.
You pick up a book of Minor Magic and begin reading...
You add the spells Call Imp and Mephitic Cloud to your library.
f - a smoky grey potion
g - a scroll labelled LONUMM XATILEEJ This is a scroll of acquirement!
Are you sure you want to abandon this character and quit the game? (Confirm with "yes".)

#.. #.# ###.#### #
......#.# #.##.#)#
#.....##### .
#.†..##...##
#.####.....#
#.#..#.@...#
#.'..'.....#
##########.#..#..(..#
#..........####.....#
(..###.....#.###...###
#..#.......##.######.#
.....#.....###.......#
#..###.....# ##.######
#.......#### #.#


There were no monsters in sight!

Vanquished Creatures
  An adder (D:2)
  2 goblins (D:2)
  6 hobgoblins (D:2)
  3 ball pythons (D:2)
  A bat (D:2)
  3 rats (D:2)
16 creatures vanquished.

Notes
Turn   | Place    | Note
-------+----------+-------------------------------------------
     0 | D:1      | babuloseo the Human Arcane Marksman began the quest for the
                  | Orb.
     0 | D:1      | Reached XP level 1. HP: 15/15 MP: 2/2
     9 | D:2      | Found a stormy altar of Qazlal.
    16 | D:2      | Reached XP level 2. HP: 16/21 MP: 3/3
   336 | D:2      | Learned a level 2 spell: Searing Ray
   595 | D:2      | Reached XP level 3. HP: 26/26 MP: 1/4
   632 | D:2      | Identified a scroll of acquirement
   632 | D:2      | Quit the game

Illustrated notes

Levels and vault maps discovered:
D:1:      lemuel_arrival_river_bridge, layout_rooms
D:2:      layout_loops_cross, basic_altar, serial_shops, shop,
          minmay_goblin_kobold_house, uniq_crazy_yiuf_cottage, uniq_robin

Action                   || total
-------------------------++-------
 Fire: Shortbow          ||    56
 Cast: Corona            ||     1
       Searing Ray       ||     1
Armor: Robe              ||    12
Dodge: Dodged            ||    20
